 Dungeon Crawl Stone Soup version 0.27.1-33-g824d729ab1 (webtiles) character file.

Game seed: 10801451103506300549

1364 dianekeaton the Basher (level 8, -8/64 HPs)
             Began as a Minotaur Berserker on Dec 8, 2021.
             Was a Priest of Trog.
             Mangled by Duvessa (9 damage)
             ... on level 5 of the Dungeon.
             The game lasted 00:13:37 (3559 turns).

dianekeaton the Basher (Minotaur Berserker)         Turns: 3559, Time: 00:13:37

Health: -8/64      AC: 18    Str: 22    XL:     8   Next: 38%
Magic:  7/7        EV:  3    Int:  1    God:    Trog [***...]
Gold:   146        SH:  0    Dex: 12    Spells: 7/7 levels left

rFire    + . .     SeeInvis .   q - +3 flail (vorpal)
rCold    x . .     Faith    .   (no shield)
rNeg     + . .     Spirit   .   b - +1 crystal plate armour of Rotten Brilliance {Harm rN+ Int-3}
rPois    .         Reflect  .   (helmet restricted)
rElec    .         Harm     +   (no cloak)
rCorr    .         Rampage  .   l - +0 pair of gloves
Will     ++...                  i - +0 pair of boots
Stlth    ..........             (no amulet)
HPRegen  1.20/turn              g - ring of fire
MPRegen  0.10/turn              (no ring)

@: lethally poisoned (-8 -> -8), lit by a corona, strong-willed, regenerating,
glowing
A: horns 2, retaliatory headbutt
a: Renounce Religion, Berserk, Trog's Hand


You were on level 5 of the Dungeon.
You worshipped Trog.
Trog was most pleased with you.
You visited 1 branch of the dungeon, and saw 5 of its levels.

You collected 146 gold pieces.

Inventory:

Hand Weapons
 a - a +3 mace of venom
 p - the +9 whip of Dilan {flame, Fragile rN+ Dex+3}
   (You found it on level 5 of the Dungeon)

   It burns those it strikes, dealing additional fire damage.
   Dex:       It affects your dexterity (+3).
   rN:        It protects you from negative energy.
   Fragile:   It will be destroyed if unequipped.
 q - a +3 vorpal flail (weapon)
Armour
 b - the +1 crystal plate armour of Rotten Brilliance (worn) {Harm rN+ Int-3}
   (You acquired it on level 2 of the Dungeon)

   Int:       It affects your intelligence (-3).
   rN:        It protects you from negative energy.
   Harm:      It increases damage dealt and taken.
 i - a +0 pair of boots (worn)
 l - a +0 pair of gloves (worn)
Jewellery
 g - a ring of fire (left hand)
 m - a ring of fire
Wands
 n - a wand of digging (8)
Scrolls
 f - 2 scrolls of noise
 j - a scroll of amnesia
 o - a scroll of teleportation
 r - a scroll of acquirement
Potions
 c - 2 potions of might
 e - 3 potions of curing
 h - a potion of berserk rage {unknown}
 k - 2 potions of attraction {unknown}


   Skills:
 - Level 3.6 Fighting
 + Level 12.4 Maces & Flails
 - Level 2.4 Armour
 - Level 2.1 Dodging
 - Level 0.3 Stealth


You had 7 spell levels left.
You didn't know any spells.
Your spell library was empty.

Dungeon Overview and Level Annotations

Branches:
Dungeon (5/15)
 Temple: D:4-7

Altars:
Okawaru
Sif Muna
Uskayaw

Shops:
D:2 (

Annotations:
D:5 Duvessa


Innate Abilities, Weirdness & Mutations

You have a pair of horns on your head.
You reflexively headbutt those who attack you in melee.


Message History

Trog accepts your kill.
You feel sick.
The ufetubus hits you but does no damage.
The ufetubus hits you.
You completely miss the wyvern zombie.
The wyvern zombie is heavily damaged.
You feel sick.
The ufetubus hits you but does no damage.
The ufetubus hits you.
You sock Duvessa! You headbutt Duvessa, but do no damage.
Duvessa is moderately wounded.
You feel sick.
The ufetubus hits you but does no damage.
The ufetubus hits you.
You barely miss Duvessa. Your headbutt misses Duvessa.
Duvessa is moderately wounded.
The ufetubus hits you but does no damage.
The ufetubus hits you. Duvessa hits you but does no damage.
The ufetubus hits you but does no damage. x2
You sock Duvessa! You headbutt Duvessa.
Duvessa is almost dead.
You feel sick. Duvessa hits you but does no damage.
The ufetubus hits you but does no damage. x2
You are too injured to fight recklessly!
You are too injured to fight recklessly!
You hit Duvessa. Your headbutt misses Duvessa.
Duvessa is almost dead.
You feel sick. Duvessa hits you with a +0 short sword!
* * * LOW HITPOINT WARNING * * *
The ufetubus hits you.
* * * LOW HITPOINT WARNING * * *
The ufetubus hits you but does no damage.
Duvessa hits you with a +0 short sword!
* * * LOW HITPOINT WARNING * * *
Your skin crawls.
You feel strong-willed.
You feel sick. The ufetubus hits you.
* * * LOW HITPOINT WARNING * * *
The ufetubus barely misses you. Duvessa hits you with a +0 short sword!
You die...

####### #.....##
# #...... ..
####### #.....#
.: ##.....##
.....#.#
##.......##
.Z....#
#.........#
##e5...#
#.........###.@#
#.............##
#........^#####
#.........#
#.........#
#.###....## ♣.♣
#....#
#♣♣.♣♣#....#
...........#


You could see Duvessa (berserk), an ufetubus and a wyvern zombie.

Vanquished Creatures
  The ghost of AgateBread the Skirmisher, a novice DsAK of Lugonu (D:4)
  Eustachio (D:5)
  A water moccasin (D:5)
  A black bear (D:5)
  An ice beast (D:5)
  A scorpion (D:4)
  Dowan (D:5)
  A water moccasin skeleton (D:4)
  A jelly (D:5)
  2 centaur skeletons
  2 orc priests (D:5)
  A gnoll shaman (D:5)
  2 iguanas
  2 orc wizards (D:5)
  A hound skeleton (D:5)
  A howler monkey skeleton (D:4)
  5 gnolls (D:5)
  6 adders
  An ufetubus (D:5)
  An adder skeleton (D:5)
  A worm (D:3)
  3 dart slugs
  6 orcs
  7 ball pythons
  2 bats
  7 endoplasms
  2 giant cockroaches
  9 goblins
  3 hobgoblins
  2 jackals (D:2)
  6 kobolds
  6 quokkas
  4 frilled lizards
  6 rats
97 creatures vanquished.

Notes
Turn   | Place    | Note
-------+----------+-------------------------------------------
     0 | D:1      | dianekeaton the Minotaur Berserker began the quest for the
                  | Orb.
     0 | D:1      | Reached XP level 1. HP: 19/19 MP: 0/0
    35 | D:1      | Reached skill level 4 in Maces & Flails
    46 | D:1      | Reached XP level 2. HP: 19/26 MP: 1/1
   286 | D:1      | Found a faded altar of an unknown god.
   764 | D:2      | Found Ynue's Weapon Shoppe.
   936 | D:2      | Reached skill level 5 in Maces & Flails
  1008 | D:2      | Reached XP level 3. HP: 26/31 MP: 2/2
  1074 | D:2      | Reached ** piety under Trog
  1350 | D:2      | Found an iron altar of Okawaru.
  1741 | D:2      | Identified a scroll of acquirement
  1741 | D:2      | Acquired the +1 crystal plate armour of Rotten Brilliance
                  | {Harm rN+ Int-3}
  1831 | D:3      | Reached skill level 6 in Maces & Flails
  1831 | D:3      | Reached XP level 4. HP: 39/39 MP: 3/3
  1964 | D:3      | Found a shimmering blue altar of Sif Muna.
  2172 | D:3      | Found a hide-covered altar of Uskayaw.
  2448 | D:4      | Noticed a scorpion
  2451 | D:4      | Killed a scorpion
  2452 | D:4      | Reached skill level 7 in Maces & Flails
  2452 | D:4      | Reached XP level 5. HP: 45/45 MP: 4/4
  2774 | D:4      | Found a runed translucent door.
  2778 | D:4      | Noticed AgateBread's ghost (novice DsAK)
  2799 | D:4      | Reached skill level 8 in Maces & Flails
  2808 | D:4      | Killed AgateBread's ghost
  2809 | D:4      | Reached skill level 9 in Maces & Flails
  2809 | D:4      | Reached XP level 6. HP: 34/51 MP: 5/5
  2809 | D:4      | Reached XP level 7. HP: 38/57 MP: 6/6
  3039 | D:5      | Entered Level 5 of the Dungeon
  3065 | D:5      | Reached skill level 10 in Maces & Flails
  3242 | D:5      | Identified the +9 whip of Dilan {flame, Fragile rN+ Dex+3}
  3254 | D:5      | Reached *** piety under Trog
  3306 | D:5      | Noticed Eustachio
  3313 | D:5      | Killed Eustachio
  3314 | D:5      | Reached skill level 11 in Maces & Flails
  3359 | D:5      | Reached XP level 8. HP: 64/64 MP: 7/7
  3402 | D:5      | Reached skill level 12 in Maces & Flails
  3535 | D:5      | Noticed Duvessa
  3537 | D:5      | Noticed Dowan
  3543 | D:5      | Killed Dowan
  3558 | D:5      | HP: 3/64 [Duvessa (12)]
  3559 | D:5      | HP: 1/64 [ufetubus (2)]
  3559 | D:5      | Mangled by Duvessa

Illustrated notes

Levels and vault maps discovered:
D:1:      amcnicky_arrival_feature_with_door, layout_basic,
          shapermc_ecumenical_altar_ellora, minmay_misc_feat_alley, st_stairs_3
D:2:      layout_loops_cross, serial_shops, nicolae_shop_trees, basic_altar,
          minmay_tromino_v4_b
D:3:      layout_rooms, overflow_temple_1_default,
          mainiacjoe_overflow_small_starburst
D:4:      layout_cave_pools, ebering_ghost_sewer_d
D:5:      minmay_spotlight, layout_rooms, minmay_tree_intersection,
          kennysheep_generic_room_6, uniq_crazy_yiuf_cottage, uniq_duvessa,
          uniq_eustachio

Skill      XL: |  1  2  3  4  5  6  7  8 |
---------------+-------------------------+-----
Maces & Flails | 4 5 6 7 9 11 12 | 12.4
Fighting       | |  3.6
Armour         | |  2.4
Dodging        | |  2.1
Stealth        | |  0.3

Action                   |  1- 3 |  4- 6 |  7- 9 || total
-------------------------+-------+-------+-------++-------
Melee: Mace              |    75 |    69 |    32 ||   176
       Headbutt          |     4 |     9 |    16 ||    29
       Flail             |       |       |    48 ||    48
Invok: Trog's Hand       |       |     1 |     2 ||     3
  Use: Scroll            |     7 |     5 |     1 ||    13
       Potion            |       |     1 |     1 ||     2
Armor: Animal skin       |    18 |       |       ||    18
       Crystal plate arm |    12 |    90 |   120 ||   222
Dodge: Dodged            |    45 |    14 |    17 ||    76
